 Seeded DCSS version 0.27.1-33-g824d729ab1 (webtiles) character file.

Game seed: 12500786641603523225 (custom seed)

7569 croobank the Sneak (level 11, 0/70 HPs)
             Began as an Octopode Monk on Dec 5, 2021.
             Was the Champion of Cheibriados.
             Succumbed to a water moccasin's poison
             ... on level 1 of the Lair of Beasts.
             The game lasted 01:07:24 (9027 turns).

croobank the Sneak (Octopode Monk)                  Turns: 9027, Time: 01:07:25

Health: 0/70       AC:  5    Str: 28    XL:     11   Next: 17%
Magic:  24/24      EV: 17    Int: 29    God:    Cheibriados [******]
Gold:   349        SH:  0    Dex: 29    Spells: 10/15 levels left

rFire    + . .     SeeInvis .   a - +4 hand axe (pain)
rCold    . . .     Faith    +   (no shield)
rNeg     + + .     Spirit   .   (helmet restricted)
rPois    .         Reflect  .   k - amulet of faith
rElec    .         Harm     .   n - ring of positive energy
rCorr    .         Rampage  .   u - ring of positive energy
Will     .....                  N - +4 ring of protection
Stlth    +++++.....             O - ring of protection from cold
HPRegen  0.21/turn              P - ring of magical power
MPRegen  0.19/turn              Q - ring of wizardry
                                S - ring of fire
                                (no ring)

@: lethally poisoned (0 -> -16), marked, very slow
A: almost no armour, amphibious, 8 rings, camouflage 1, gelatinous body 1,
(nimble swimmer 1), tentacles
a: Renounce Religion, Bend Time, Temporal Distortion, Slouch, Step From Time


You were on level 1 of the Lair of Beasts.
You worshipped Cheibriados.
Cheibriados was exalted by your worship.
You visited 2 branches of the dungeon, and saw 9 of its levels.
You also visited: Sewer.

You collected 349 gold pieces.

Inventory:

Hand Weapons
 a - a +4 hand axe of pain (weapon)
 b - a +2 hunting sling of flaming
 D - a +0 shortbow
 M - a +0 hand axe of flaming
 R - a +0 hand crossbow
Missiles
 c - 256 stones (quivered)
 d - 103 bolts
 g - 96 arrows
 i - 49 sling bullets
 l - 79 poisoned darts
 w - 3 atropa-tipped darts
 E - a throwing net
Magical Staves
 j - a staff of death
Jewellery
 h - an amulet of guardian spirit
 k - an amulet of faith (around mantle)
 n - a ring of positive energy (left tentacle)
 u - a ring of positive energy (right tentacle)
 N - a +4 ring of protection (on tentacle)
 O - a ring of protection from cold (on tentacle)
 P - a ring of magical power (on tentacle)
 Q - a ring of wizardry (on tentacle)
 S - a ring of fire (on tentacle)
Wands
 B - a wand of iceblast (8)
 C - a wand of digging (4)
 T - a wand of charming (8)
Scrolls
 e - 8 scrolls of teleportation {teleportation}
 m - 6 scrolls of identify {identify, unknown}
 q - 3 scrolls of noise {noise}
 s - a scroll of blinking {blink}
 t - a scroll of immolation {immolation, unknown}
 v - 7 scrolls of enchant armour {enchant armour, unknown}
 x - a scroll of holy word {holy word, unknown}
 z - a scroll of fear {fear, unknown}
 A - 5 scrolls of magic mapping {magic mapping, unknown}
 H - a scroll of fog {fog, unknown}
 L - a scroll of brand weapon {brand weapon, unknown}
Potions
 f - 3 potions of might {might, unknown}
 o - a potion of heal wounds {heal wounds}
 p - a potion of ambrosia {ambrosia, unknown}
 r - 2 potions of brilliance {brilliance, unknown}
 y - 7 potions of curing {curing, unknown}
 F - 2 potions of attraction {attraction, unknown}
 G - 3 potions of cancellation {cancellation, unknown}
 I - 2 potions of resistance {magic, unknown}
 J - a potion of invisibility {invisibility, unknown}
 K - a potion of haste {haste, unknown}


   Skills:
 + Level 4.5 Fighting
 + Level 3.1(3.8) Short Blades
 + Level 3.1(3.7) Long Blades
 + Level 3.1(4.7) Axes
 + Level 4.3(5.4) Maces & Flails
 + Level 3.0(4.4) Polearms
 + Level 3.5(5.0) Staves
 + Level 3.1(3.7) Slings
 + Level 3.0 Bows
 + Level 3.0 Crossbows
 + Level 3.1(3.7) Throwing
 + Level 4.7 Dodging
 + Level 5.5 Stealth
 + Level 3.1 Shields
 + Level 4.4 Unarmed Combat
 + Level 2.6 Spellcasting
 + Level 3.0 Conjurations
 + Level 3.3 Hexes
 + Level 3.5 Summonings
 + Level 4.0 Necromancy
 + Level 3.3 Translocations
 + Level 3.7 Transmutations
 + Level 3.4 Fire Magic
 + Level 3.2 Ice Magic
 + Level 3.2 Air Magic
 + Level 3.5 Earth Magic
 + Level 5.0 Poison Magic
 + Level 3.3 Invocations
 + Level 4.2 Evocations


You had 10 spell levels left.
You knew the following spells:

 Your Spells              Type           Power      Damage    Failure   Level
a - Freezing Cloud        Conj/Ice/Air   11%        6-21      24%         5

Your spell library contained the following spells:

 Spells                   Type           Power      Damage    Failure   Level
 Pain                     Necr           100%       1d9       1%          1
 Blink                    Tloc           N/A        N/A       1%          2
 Corpse Rot               Necr/Air       N/A        N/A       1%          2
 Poisonous Vapours        Pois/Air       54%        N/A       1%          2
 Inner Flame              Hex/Fire       35%        N/A       2%          3
 Cause Fear               Hex            11%        N/A       9%          4
 Agony                    Necr           27%        N/A       16%         5
 Excruciating Wounds      Necr           13%        N/A       16%         5
 Manifold Assault         Tloc           23%        N/A       22%         5
 Storm Form               Tmut/Air       12%        N/A       99%         7
 Discord                  Hex            11%        N/A       100%        8


Dungeon Overview and Level Annotations

Branches:
Dungeon (8/15)             Temple (0/1) D:5            Lair (1/6) D:8
  Sewer (visited)

Altars:
Cheibriados
Wu Jian
The Shining One

Shops:
D:5 (   D:7 *   D:8 =


Innate Abilities, Weirdness & Mutations

You cannot wear most types of armour.
You are amphibious.
You can wear up to eight rings at the same time.
Your skin changes colour to match your surroundings (Stealth+).
Your rubbery body absorbs attacks. (AC +1, EV +1)
((You are camouflaged near water. (Stealth+)))
You have tentacles for arms and can constrict up to eight enemies at once.


Message History

The blink frog blinks!
The blink frog hits you.
The blink frog blinks!
A rime drake comes into view.
A water moccasin comes into view.
The blink frog closely misses you.
You slash the plant!
The plant begins to die.
You grab the plant. You tentacle-slap the plant.
The plant is lightly damaged.
You miss the blink frog. You constrict the plant.
The blink frog blinks!
A cane toad comes into view.
The blink frog closely misses you. The blink frog barely misses you.
You release your grip on the plant.
The blink frog blinks!
The blink frog completely misses you. The blink frog hits you!
The blink frog blinks!
The blink frog misses you.
A water moccasin comes into view.
A cane toad comes into view.
The blink frog hits you!
The blink frog blinks!
The blink frog hits you.
The water moccasin moves out of view.
Okay, then.
Okay, then.
A nearby plant withers and dies.
The blink frog blinks! x3
The water moccasin barely misses you. The blink frog hits you!
* * * LOW HITPOINT WARNING * * *
The blink frog blinks! x2; The blink frog hits you!
* * * LOW HITPOINT WARNING * * *
The blink frog blinks!
The water moccasin misses you. The blink frog barely misses you.
A blink frog comes into view.
The cane toad barely misses you.
The water moccasin bites you but does no damage.
A blink frog comes into view.
The water moccasin completely misses you.
The blink frog blinks!
The cane toad barely misses you. The water moccasin bites you.
* * * LOW HITPOINT WARNING * * *
You are lethally poisoned!
The water moccasin poisons you!
Blink to where?
Press: ? - help, Dir - move target
Found 19 stones and a book of Burglary.
As you read the scroll of blinking {blink}, it crumbles to dust.
You die...

..#.... .....# .....##
.....# #.P.:. ....##
#.#..# . .)..# ...P.# ..
....# #....#... P....#
#........ #......
.#.##........ #....#.
.#.#(@.......
#.#.##...##.............
#.#..#...##...##........
#........##.#.##.##.P#..
....##......#.##.# ..# .
P...##.......F##.# ##.
#...##.......Fk§S##....
..........F...S§....#
.....#.[......FF.P#.#


You could see a water moccasin.

Vanquished Creatures
  Pikel (D:6)
  Joseph (D:6)
  A cane toad (Lair:1)
  Grinder (D:4)
  A hornet (D:8)
  A yak (D:5)
  A black bear (D:7)
  An orc warrior (D:7)
  3 ice beasts
  A necrophage (D:5)
  2 ogres (D:5)
  2 centaurs
  2 lemures (D:6)
  3 kobold brigands
  3 bullfrogs
  3 scorpions
  A water moccasin zombie (D:5)
  A wyvern skeleton (D:5)
  A water moccasin skeleton (D:5)
  A killer bee (D:7)
  A howler monkey (D:6)
  4 hounds
  6 jellies
  An orc priest (D:6)
  3 gnoll shamans
  3 centaur skeletons (D:7)
  Jessica (D:2)
  4 bullfrog skeletons
  Natasha (thrice) (D:2)
  2 orc wizards
  An iguana (D:7)
  Robin (D:4)
  8 gnolls
  10 adders
  4 shadow imps
  3 white imps
  An ufetubus (D:7)
  2 worms
  11 orcs
  5 bats
  9 endoplasms
  9 giant cockroaches
  15 goblins
  8 hobgoblins
  4 quokkas
  12 ball pythons
  2 frilled lizards
  A goblin skeleton (D:6)
  2 goblin zombies (D:6)
  2 hobgoblin zombies (D:6)
  20 kobolds
  2 kobold skeletons (D:6)
  A kobold zombie (D:6)
  An orc skeleton (D:6)
  5 rats
198 creatures vanquished.

Vanquished Creatures (others)
  9 plants
9 creatures vanquished.

Grand Total: 207 creatures vanquished

Notes
Turn   | Place    | Note
-------+----------+-------------------------------------------
     0 | D:1      | croobank the Octopode Monk began the quest for the Orb.
     0 | D:1      | Reached XP level 1. HP: 16/16 MP: 1/1
    97 | D:1      | Reached XP level 2. HP: 19/21 MP: 2/2
   852 | D:2      | Reached XP level 3. HP: 26/26 MP: 3/3
   865 | D:2      | Reached skill level 1 in Poison Magic
   867 | D:2      | Reached XP level 4. HP: 16/31 MP: 1/4
  1186 | D:2      | Found a faded altar of an unknown god.
  1210 | D:2      | Became a worshipper of Cheibriados the Contemplative
  1210 | D:2      | Reached * piety under Cheibriados
  1210 | D:2      | Reached ** piety under Cheibriados
  1307 | D:2      | Noticed Jessica
  1315 | D:2      | Killed Jessica
  1316 | D:2      | Reached skill level 1 in Staves
  1416 | D:2      | Reached skill level 1 in Transmutations
  1449 | D:2      | Reached skill level 1 in Short Blades
  1449 | D:2      | Reached skill level 1 in Long Blades
  1449 | D:2      | Reached skill level 1 in Axes
  1449 | D:2      | Reached skill level 1 in Polearms
  1449 | D:2      | Reached skill level 1 in Slings
  1449 | D:2      | Reached skill level 1 in Bows
  1449 | D:2      | Reached skill level 1 in Crossbows
  1449 | D:2      | Reached skill level 1 in Throwing
  1449 | D:2      | Reached skill level 1 in Shields
  1449 | D:2      | Reached skill level 1 in Spellcasting
  1449 | D:2      | Reached skill level 1 in Conjurations
  1449 | D:2      | Reached skill level 1 in Hexes
  1449 | D:2      | Reached skill level 1 in Summonings
  1449 | D:2      | Reached skill level 1 in Translocations
  1449 | D:2      | Reached skill level 1 in Fire Magic
  1449 | D:2      | Reached skill level 1 in Ice Magic
  1449 | D:2      | Reached skill level 1 in Air Magic
  1449 | D:2      | Reached skill level 1 in Invocations
  1449 | D:2      | Reached XP level 5. HP: 36/36 MP: 4/7
  1480 | D:2      | Noticed Natasha
  1485 | D:2      | Killed Natasha
  1486 | D:2      | Reached XP level 6. HP: 43/43 MP: 8/8
  1539 | D:2      | Reached *** piety under Cheibriados
  1670 | D:2      | Noticed Natasha
  1734 | D:2      | Killed Natasha
  1954 | D:2      | Noticed Natasha
  1957 | D:2      | Killed Natasha
  2359 | D:3      | Reached **** piety under Cheibriados
  3293 | D:4      | Noticed Robin
  3299 | D:4      | Killed Robin
  3300 | D:4      | Reached XP level 7. HP: 24/47 MP: 9/9
  3514 | D:4      | Noticed Grinder
  3525 | D:4      | Killed Grinder
  3525 | D:4      | Reached ***** piety under Cheibriados
  3971 | D:4      | Reached skill level 5 in Stealth
  3971 | D:4      | Reached XP level 8. HP: 54/54 MP: 9/11
  4198 | D:5      | Entered Level 5 of the Dungeon
  4198 | D:5      | Found a staircase to the Ecumenical Temple.
  4265 | D:5      | Found Ziraydd's Antique Weapon Shop.
  4614 | D:5      | Reached XP level 9. HP: 36/58 MP: 12/12
  5501 | D:6      | Found a glowing drain.
  5557 | Sewer    | Entered a sewer
  5713 | Sewer    | Reached XP level 10. HP: 65/65 MP: 13/13
  5750 | Sewer    | Reached ****** piety under Cheibriados
  6232 | D:6      | Noticed Pikel
  6235 | D:6      | Reached skill level 5 in Poison Magic
  6246 | D:6      | Killed Pikel
  6578 | D:6      | Learned a level 5 spell: Freezing Cloud
  6781 | D:6      | Found a glowing golden altar of the Shining One.
  6882 | D:7      | Noticed Joseph
  7093 | D:6      | Killed Joseph
  7779 | D:7      | Found Resitagokao's Retail Resort.
  7923 | D:7      | Reached XP level 11. HP: 62/70 MP: 14/14
  8302 | D:7      | Found an ornate altar of the Wu Jian Council.
  8811 | D:8      | Found Tarrag's Jewellery Shoppe.
  8854 | D:8      | Found a staircase to the Lair.
  8898 | Lair:1   | Entered Level 1 of the Lair of Beasts
  9026 | Lair:1   | HP: 3/70 [water moccasin (2)]
  9027 | Lair:1   | Succumbed to a water moccasin's poison

Illustrated notes

Levels and vault maps discovered:
D:1:      nicolae_arrival_memento_mori, layout_rooms,
          chequers_serial_rivers_micro_c
D:2:      layout_loops_corners, hellmonk_ecumenical_altar_leap_of_faith,
          serial_bayou_pond_e, grunt_ministairs_2, minmay_tetromino_s4,
          uniq_jessica, uniq_natasha
D:3:      layout_rooms, serial_glass, glass_columns_c, glass_columns_b,
          glass_columns_a, glass_columns_a, glass_columns_c, glass_columns_c,
          due_unseen_surprise
D:4:      layout_basic, chequers_serial_rivers_large_b, uniq_robin, uniq_grinder
D:5:      layout_loops_ring, minmay_temple_entry_glass, serial_shops,
          shop_fountains, minmay_divided_ellipse
D:6:      layout_rooms, nicolae_tso_besieged_by_evil, portal_sewer_entry_f,
          uniq_pikel
D:7:      layout_cave_pods, nrook_pool_corridor, nicolae_alphabet_shops,
          minmay_ruined_shrine, uniq_joseph
D:8:      layout_basic, lair_entry_dummy, serial_shops, nicolae_shop_crystal
Lair:1:   layout_long_grid

Skill      XL: |  1  2  3  4  5  6  7  8  9 10 11 |
---------------+----------------------------------+-----
Poison Magic   | 1 3 4 5 |  5.0
Staves         | 2 3 |  3.5
Transmutations | 2 3 |  3.7
Short Blades   | 1 2 3 |  3.1
Long Blades    | 1 2 3 |  3.1
Axes           | 1 2 3 |  3.1
Maces & Flails | 2 3 4 |  4.3
Polearms       | 1 2 3 |  3.0
Slings         | 1 2 3 |  3.1
Bows           | 1 2 3 |  3.0
Crossbows      | 1 2 3 |  3.0
Throwing       | 1 2 3 |  3.1
Stealth        | 3 5 |  5.5
Shields        | 1 2 3 |  3.1
Spellcasting   | 1 2 |  2.6
Conjurations   | 1 2 3 |  3.0
Hexes          | 1 2 3 |  3.3
Summonings     | 1 2 3 |  3.5
Necromancy     | 2 3 4 |  4.0
Translocations | 1 2 3 |  3.3
Fire Magic     | 1 2 3 |  3.4
Ice Magic      | 1 2 3 |  3.2
Air Magic      | 1 2 3 |  3.2
Earth Magic    | 2 3 |  3.5
Invocations    | 1 2 3 |  3.3
Evocations     | 3 4 |  4.2
Fighting       | 4 |  4.5
Dodging        | 4 |  4.7
Unarmed Combat | 4 |  4.4

Action                   |  1- 3 |  4- 6 |  7- 9 | 10-12 || total
-------------------------+-------+-------+-------+-------++-------
Melee: Unarmed           |    11 |       |       |       ||    11
       Constrict         |     8 |    24 |    21 |    39 ||    92
       Tentacles         |     6 |    21 |    30 |    54 ||   111
       Dagger            |    34 |    72 |       |       ||   106
       Punch             |     2 |     3 |     4 |     8 ||    17
       Hand axe          |       |    20 |    89 |   145 ||   254
Evoke: Wand              |       |       |       |     1 ||     1
  Use: Potion            |       |     1 |     3 |     3 ||     7
       Scroll            |       |     1 |       |     5 ||     6
 Stab: Sleeping          |     9 |    15 |    17 |    11 ||    52
       Distracted        |       |       |     1 |     2 ||     3
Armor: Skin              |     2 |     4 |     4 |    34 ||    44
Dodge: Dodged            |    24 |    58 |    75 |   176 ||   333
